 Dungeon Crawl Stone Soup version 0.30-b1-2-g02819fbbbe (webtiles) character file.

Game seed: 912719365113892111

11149 Metae the Protected (level 11, -2/151 HPs)
             Began as a Minotaur Fighter on June 17, 2023.
             Was a Priest of Makhleb.
             Slain by a cane toad (11 damage)
             ... on level 5 of the Lair of Beasts.
             The game lasted 00:40:15 (9665 turns).

Metae the Protected (Minotaur Fighter)              Turns: 9665, Time: 00:40:19

Health: -2/151     AC: 25    Str: 26    XL:     11   Next: 45%
Magic:  15/15      EV:  2    Int:  5    God:    Makhleb [***...]
Gold:   411        SH:  6    Dex:  9    Spells: 10/10 levels left

rFire   . . .        B - +2 flail (holy)
rCold   + . .        c - +0 buckler
rNeg    . . .        e - melded +5 chain mail of Igottiva {*Slow Dex+10}
rPois   +            (helmet currently unavailable)
rElec   .            (cloak currently unavailable)
rCorr   .            u - melded +2 pair of gloves
SInv    .            (boots currently unavailable)
Will    .....        A - amulet of regeneration
Stlth   +            I - ring of protection from cold
HPRegen 1.25/turn    S - +5 ring of evasion
MPRegen 0.14/turn

%: no passive effects
@: lethally poisoned (-2 -> -3), tree-form, very slow
A: stationary, stasis, torment immunity, boosted hp, (horns 2), (retaliatory
headbutt)
a: Renounce Religion, Minor Destruction, Lesser Servant of Makhleb


You were on level 5 of the Lair of Beasts.
You worshipped Makhleb.
Makhleb was most pleased with you.
You were a tree.
You visited 2 branches of the dungeon, and saw 12 of its levels.
You also visited: Sewer.

You collected 670 gold pieces.
You spent 259 gold pieces at shops.

Inventory:

Hand Weapons
 B - a +2 flail of holy wrath (weapon)
 F - a +0 sling
 N - the +7 staff of the Meek {protect, meekguard}
   (You found it on level 1 of the Lair of Beasts)
Missiles
 i - 6 javelins
 l - 17 poisoned darts (quivered)
 m - 110 stones
 L - 2 curare-tipped darts
Armour
 c - a +0 buckler (worn)
 e - the +5 chain mail of Igottiva (melded) {*Slow Dex+10}
   (You found it on level 5 of the Dungeon)

   Dex:       It affects your dexterity (+10).
   *Slow:     It may slow you when you take damage.
 p - a +1 scale mail of poison resistance
 u - a +2 pair of gloves (melded)
 D - an orb of mayhem
Jewellery
 A - an amulet of regeneration (around neck)
 E - an amulet of reflection
 I - a ring of protection from cold (left branch)
 S - a +5 ring of evasion (right branch)
 T - a ring of wizardry
Wands
 y - a wand of quicksilver (19)
 J - a wand of flame (21)
 P - a wand of iceblast (2)
 R - a wand of mindburst (5)
Scrolls
 f - 2 scrolls of magic mapping
 g - a scroll of enchant weapon {unknown}
 h - 2 scrolls of fear
 j - 2 scrolls of butterflies
 k - a scroll of poison {unknown}
 q - 8 scrolls of teleportation
 t - 4 scrolls of blinking
 v - 2 scrolls of enchant armour {unknown}
 w - a scroll of torment {unknown}
 x - 2 scrolls of brand weapon
 C - 2 scrolls of vulnerability
 G - a scroll of silence {unknown}
 M - a scroll of noise {unknown}
 O - 2 scrolls of immolation {unknown}
 Q - 4 scrolls of identify
Potions
 a - 2 potions of lignification
 b - 3 potions of mutation {unknown}
 d - a potion of might
 n - 3 potions of ambrosia
 o - 3 potions of degeneration
 r - 7 potions of curing {unknown}
 s - 3 potions of haste {unknown}
 z - 3 potions of brilliance {unknown}
 H - 3 potions of flight {unknown}
 K - a potion of cancellation {unknown}
 U - a potion of magic {unknown}


   Skills:
 + Level 10.6 Fighting
 + Level 10.2 Maces & Flails
 + Level 10.6 Armour
 + Level 9.9 Shields
 + Level 7.5 Invocations
 - Level 3.1 Evocations


You had 10 spell levels left.
You didn't know any spells.
Your spell library contained the following spells:

 Spells                   Type           Power      Damage    Failure   Level
 Apportation              Tloc           0%         N/A       52%         1
 Kiss of Death            Conj/Necr      0%         2d5       52%         1
 Necrotise                Necr           0%         1d4       52%         1
 Summon Small Mammal      Summ           0%         N/A       52%         1
 Call Canine Familiar     Summ           0%         N/A       87%         3
 Confusing Touch          Hex            0%         N/A       87%         3
 Summon Guardian Golem    Hex/Summ       0%         N/A       87%         3
 Tukima's Dance           Hex            0%         N/A       87%         3
 Dispel Undead            Necr           0%         3d6       99%         4
 Passage of Golubria      Tloc           0%         N/A       99%         4
 Yara's Violent Unravell  Hex/Tmut       0%         3d3       100%        5
 Conjure Ball Lightning   Conj/Air       0%         3x3d6     100%        6
 Discord                  Hex            0%         N/A       100%        8
 Disjunction              Tloc           0%         N/A       100%        8


Dungeon Overview and Level Annotations

Branches:
Dungeon (8/15)             Temple (0/1) D:6            Lair (3/5) D:8
 Spider (0/4) Lair:2        Sewer (visited)
  Swamp: Lair:2-3    Shoals: Lair:2-3

Altars:
Dithmenos
Fedhas
Makhleb
Nemelex Xobeh
Uskayaw
Xom

Shops:
D:1 ?   D:7 *?


Innate Abilities, Weirdness & Mutations

You are a tree.
Your roots penetrate the ground, keeping you stationary.
You cannot be teleported.
You are immune to unholy pain and torment.
Your maximum health is greatly increased.
Your equipment is partially melded.
((You have a pair of horns on your head.))
((You reflexively headbutt those who attack you in melee.))


Message History

The steam dragon claws you but does no damage.
Your unstable footing causes you to fumble your attack.
You feel sick.
The cane toad stings you but does no damage.
The blink frog blinks!
The cane toad barely misses you. The steam dragon breathes steam at you.
The ball of steam hits you!!
You hear a loud, deep croak!
You feel sick.
The blink frog is engulfed in a cloud of scalding steam. x3
You block the cane toad's attack. The blink frog hits you.
The blink frog blinks!
The steam dragon misses you. The steam dragon closely misses you.
The cane toad stings you!
* * * LOW HITPOINT WARNING * * *
You are more poisoned.
The cane toad poisons you!
The steam dragon bites you but does no damage.
The steam dragon barely misses you.
You feel extremely sick.
The blink frog is engulfed in a cloud of scalding steam.
The blink frog closely misses you. You furiously retaliate!
You headbutt the blink frog! You block the cane toad's attack.
The blink frog hits you!
* * * LOW HITPOINT WARNING * * *
The blink frog blinks!
The cane toad stings you but does no damage.
A cane toad comes into view.
It was a potion of lignification.
You turn into a tree.
Your +2 pair of gloves melds into your body.
The +5 chain mail of Igottiva {*Slow Dex+10} melds into your body.
Your roots penetrate the ground.
You feel yourself speed up.
You feel very sick. The cane toad stings you.
* * * LOW HITPOINT WARNING * * *
The blink frog blinks!
The steam dragon bites you but does no damage.
The steam dragon claws you but does no damage.
The cane toad stings you!
You die...

####.......~.##~~~P~#
#........P..~~~~~~~~#
........P....~.~~P~~# ~~
#......[####.~.~#~~P# .~
#.......###..#~~~####~###
#........##~.~P~~~~~~~~~~
#........###~~~~.~~~~P~~~
#.......## #.P#DFPP~.##~~
#.#....## #..~#P♣##~~.#
###....# #.~.~~~§...~..~
#P....# ##.~...........
#.....####P.........##..
#....P#.#PPP...#..#..###
##........PPF## ##.###
##......##### ## #.....##
##...###


You could see a cane toad, a blink frog and a steam dragon.

Vanquished Creatures
  2 elephants (Lair:5)
  Joseph (D:8)
  3 cane toads (Lair:2)
  Maggie (D:7)
  A torpor snail (Lair:5)
  Psyche (D:8)
  4 komodo dragons
  A rime drake (Lair:5)
  4 blink frogs (Lair:1)
  2 wyverns
  13 yaks
  Grum (D:8)
  A steam dragon (D:6)
  4 water moccasins
  An acid dragon (D:8)
  3 ice beasts
  3 black bears
  A sky beast (D:7)
  An orc warrior (D:7)
  A centaur (D:8)
  3 wolves (D:8)
  A phantom (D:5)
  3 kobold brigands
  7 bullfrogs
  2 scorpions (D:7)
  13 wights
  2 jellies (D:5)
  2 orc priests
  2 gnoll boudas
  3 hounds
  A sleepcap (D:8)
  9 iguanas
  2 orc wizards (D:7)
  Terence (D:3)
  12 gnolls
  5 adders
  2 shadow imps
  5 white imps
  An ufetubus (D:4)
  2 worms
  18 orcs
  4 ball pythons
  5 endoplasms
  4 giant cockroaches
  5 goblins
  3 hobgoblins
  8 jackals
  20 kobolds
  2 quokkas
  A bat (D:1)
  2 frilled lizards
  10 rats
209 creatures vanquished.

Vanquished Creatures (others)
  4 fungi
  29 plants
33 creatures vanquished.

Grand Total: 242 creatures vanquished

Notes
Turn   | Place    | Note
-------+----------+-------------------------------------------
     0 | D:1      | Metae the Minotaur Fighter began the quest for the Orb.
     0 | D:1      | Reached XP level 1. HP: 19/19 MP: 0/0
   102 | D:1      | Reached XP level 2. HP: 27/27 MP: 1/1
   306 | D:1      | Found Nuorch's Magic Scroll Shop.
   450 | D:1      | Found a faded altar of an unknown god.
  1007 | D:2      | Reached XP level 3. HP: 33/33 MP: 2/2
  1479 | D:2      | Identified the +1 robe of Death's Door {rN+ rCorr Dex-3}
  1924 | D:3      | Noticed Terence
  1938 | D:3      | Killed Terence
  1939 | D:3      | Reached XP level 4. HP: 33/41 MP: 3/3
  2628 | D:1      | Bought a scroll of blinking for 97 gold pieces
  2628 | D:1      | Bought a scroll of identify for 26 gold pieces
  2869 | D:4      | Reached XP level 5. HP: 47/47 MP: 4/4
  2946 | D:4      | Found a sparkling altar of Nemelex Xobeh.
  2964 | D:4      | Noticed a wyvern
  2977 | D:4      | Killed a wyvern
  2978 | D:4      | Reached skill level 5 in Fighting
  2978 | D:4      | Reached skill level 5 in Armour
  2978 | D:4      | Reached skill level 5 in Shields
  2978 | D:4      | Reached skill level 1 in Evocations
  2978 | D:4      | Reached XP level 6. HP: 7/56 MP: 5/5
  3031 | D:4      | Found a hide-covered altar of Uskayaw.
  3031 | D:4      | Found a blossoming altar of Fedhas.
  3039 | D:4      | Found a shadowy altar of Dithmenos.
  3063 | D:4      | Found a burning altar of Makhleb.
  3065 | D:4      | Found a shimmering altar of Xom.
  3630 | D:4      | Became a worshipper of Makhleb the Destroyer
  3663 | D:5      | Entered Level 5 of the Dungeon
  4196 | D:5      | Reached skill level 1 in Invocations
  4196 | D:5      | Reached XP level 7. HP: 57/61 MP: 6/6
  4248 | D:5      | Identified the +5 chain mail of Igottiva {*Slow Dex+10}
  4262 | D:5      | Reached skill level 5 in Maces & Flails
  4704 | D:1      | Bought a scroll of teleportation for 39 gold pieces
  4704 | D:1      | Bought a scroll of blinking for 97 gold pieces
  4875 | D:6      | Reached XP level 8. HP: 70/70 MP: 8/8
  5079 | D:6      | Found a staircase to the Ecumenical Temple.
  5082 | D:6      | Found a glowing drain.
  5099 | Sewer    | Entered a sewer
  5537 | D:7      | Found Waut's Assorted Antiques.
  5672 | D:7      | Reached * piety under Makhleb
  5916 | D:7      | Reached XP level 9. HP: 60/76 MP: 9/11
  5934 | D:7      | Found Xithipn's Magic Scroll Shoppe.
  5961 | D:7      | Noticed Maggie
  5979 | D:7      | Killed Maggie
  6225 | D:7      | Reached ** piety under Makhleb
  6965 | D:8      | Noticed Psyche
  6994 | D:8      | Killed Psyche
  6995 | D:8      | Reached skill level 5 in Invocations
  7117 | D:8      | Noticed Joseph
  7141 | D:8      | Killed Joseph
  7283 | D:8      | Found a staircase to the Lair.
  7328 | D:8      | Reached XP level 10. HP: 90/90 MP: 13/13
  7454 | D:8      | Noticed Grum
  7468 | D:8      | Killed Grum
  7581 | D:8      | Reached *** piety under Makhleb
  7751 | Lair:1   | Entered Level 1 of the Lair of Beasts
  7971 | Lair:1   | Found the +7 staff of the Meek {protect, meekguard}
  8634 | Lair:2   | Noticed a cane toad
  8641 | Lair:2   | Killed a cane toad
  8705 | Lair:2   | Found a hole to the Spider Nest.
  8802 | Lair:2   | Noticed a cane toad
  8810 | Lair:2   | Killed a cane toad
  8811 | Lair:2   | Reached skill level 10 in Armour
  8824 | Lair:2   | Reached skill level 10 in Fighting
  8824 | Lair:2   | Reached XP level 11. HP: 73/99 MP: 15/15
  9474 | Lair:3   | You fall into a shaft and drop 2 floors!
  9474 | Lair:5   | Entered Level 5 of the Lair of Beasts
  9530 | Lair:5   | Reached skill level 10 in Maces & Flails
  9665 | Lair:5   | Slain by a cane toad

Illustrated notes

Levels and vault maps discovered:
D:1:      psy_arrival_whirlpool, layout_loops_corners,
          shapermc_ecumenical_altar_ellora, serial_shops, shop_scrolls
D:2:      layout_loops_corners
D:3:      layout_loops_ring, minmay_misc_feat_nine_boxes, uniq_terence
D:4:      cheibrodos_quashed, layout_loops_cross,
          chequers_temple_overflow_minitemple,
          mainiacjoe_overflow_surrounded_room
D:5:      black_bear_nest_2, layout_gridville, grunt_ministairs_14, minivault_23
D:6:      layout_basic, minmay_temple_entry_offerings,
          cheibrodos_sewer_entry_drain, hangedman_decor_slide_cut
D:7:      layout_layer_cave, serial_shops, shop_statue, shop, minmay_circle_x,
          uniq_maggie
D:8:      layout_gridville, lair_entry_dummy, uniq_psyche, uniq_joseph,
          uniq_grum
Lair:1:   layout_regular_city
Lair:2:   layout_hall_layers, dummy_spider_entry, dreamdust_mushroom_princess,
          st_stairs_10, chequers_serial_rivers_micro_e,
          cheibrodos_lair_caveside_slide, grunt_forest_small_clearing_treed
Lair:3:   layout_regular_city, palyth_hydra_swamp_entry, serial_bayou_shore_b
Lair:5:   gammafunk_lair_ancient_temple, layout_cave_pods, slime_entry_1,
          serial_bayou, serial_bayou_pond_c, serial_bayou_pond_c,
          serial_bayou_pond_e, serial_bayou_pond_c, serial_bayou_shore_b

Skill      XL: |  1  2  3  4  5  6  7  8  9 10 11 |
---------------+----------------------------------+-----
Fighting       | 4 5 6 7 8 10 | 10.6
Armour         | 4 5 6 7 8 10 | 10.6
Shields        | 4 5 6 7 9 |  9.9
Maces & Flails | 3 4 5 6 8 9 10 | 10.2
Evocations     | 1 2 3 |  3.1
Invocations    | 1 2 4 5 6 7 |  7.5

Action                     |  1- 3 |  4- 6 |  7- 9 | 10-12 || total
---------------------------+-------+-------+-------+-------++-------
  Melee: Flail             |    81 |    94 |   241 |   219 ||   635
         Headbutt          |     8 |    23 |    42 |    60 ||   133
         Unarmed           |       |       |    18 |       ||    18
  Throw: Dart              |       |       |     1 |     2 ||     3
    Use: Scroll            |       |     6 |     1 |     1 ||     8
         Potion            |       |       |       |     1 ||     1
 Armour: Scale mail        |    42 |    46 |     1 |       ||    89
         Chain mail        |       |       |   179 |   138 ||   317
         Skin              |       |       |       |     2 ||     2
  Dodge: Dodged            |    50 |    54 |   121 |   144 ||   369
  Block: Buckler           |    23 |    25 |   107 |   134 ||   289
